 Dungeon Crawl Stone Soup version 0.32-a0-918-g0f22ef8d61 (webtiles) character file.

Game seed: 248119292603327469

7665 porpoise the Spear-Bearer (level 10, -5/79 HPs)
             Began as a Demonspawn Gladiator on Apr 11, 2024.
             Was an Initiate of Hepliaklqana.
             Slain by a rust devil (12 damage)
             ... on level 10 of the Dungeon.
             The game lasted 00:32:12 (9108 turns).

porpoise the Spear-Bearer (Demonspawn Gladiator)    Turns: 9108, Time: 00:32:13

Health: -5/79      AC: -5    Str: 17    XL:     10   Next: 99%
Magic:  10/10      EV: 12    Int:  8    God:    Hepliaklqana [......]
Gold:   788        SH:  0    Dex: 17    Spells: 9/9 levels left

rFire   . . .        a - +2 trident (venom)
rCold   . . .        (no shield)
rNeg    . . .        p - +1 swamp dragon scales
rPois   +            R - +2 hat
rElec   .            (cloak unavailable)
rCorr   .            m - +0 pair of gloves
SInv    .            Y - +0 pair of boots
Will    .....        Q - amulet of regeneration
Stlth   +            r - +4 ring of protection
HPRegen 1.13/turn    (no ring)
MPRegen 0.12/turn

%: no passive effects
@: lethally poisoned (-5 -> -12), corroded, sanguine armoured
A: foul stench 1, spiny 1, sanguine armour 2, weakness stinger 3
a: Renounce Religion


You were on level 10 of the Dungeon.
You worshipped Hepliaklqana.
Hepliaklqana was noncommittal.
You visited 2 branches of the dungeon, and saw 11 of its levels.
You also visited: Bailey.

You collected 788 gold pieces.

Inventory:

Hand Weapons
 a - a +2 trident of venom (weapon)
 b - a +0 sling
 V - the +8 quarterstaff of Izxyic {drain, *Slow rPois rN+ rCorr}
   (You took it off an orc warrior on level 9 of the Dungeon)

   rPois:     It protects you from poison.
   rN+:       It protects you from negative energy.
   rCorr:     It protects you from acid and corrosion.
   *Slow:     It may slow you when you take damage.
 X - a +0 trident
Missiles
 d - 6 throwing nets (quivered)
 e - 12 javelins
 i - 9 poisoned darts
 D - 11 boomerangs
Armour
 m - a +0 pair of gloves (worn)
 p - +1 swamp dragon scales (worn)
 u - the +1 chain mail of the Black Moon {Str+2}
   (You found it on level 3 of the Dungeon)

   Str+2:     It affects your strength (+2).
 I - a +0 troll leather armour
 R - a +2 hat (worn)
 Y - a +0 pair of boots (worn)
Jewellery
 k - a +6 ring of intelligence
 r - a +4 ring of protection (left hand)
 s - an amulet of faith
 N - an amulet of reflection
 Q - an amulet of regeneration (around neck)
 U - a +6 ring of dexterity
 W - an amulet of the acrobat
Wands
 c - a wand of mindburst (12)
 l - a wand of quicksilver (9)
 E - a wand of flame (17)
Scrolls
 j - 3 scrolls of blinking
 n - 4 scrolls of teleportation
 t - a scroll of noise {unknown}
 v - 3 scrolls of enchant armour
 w - a scroll of fear
 y - a scroll of revelation
 A - 6 scrolls of fog
 C - a scroll of acquirement {unknown}
 G - a scroll of amnesia
 K - a scroll of immolation
 L - a scroll of vulnerability {unknown}
 M - a scroll of poison
 P - a scroll of silence {unknown}
Potions
 f - 3 potions of berserk rage
 g - a potion of mutation
 h - a potion of brilliance
 o - 2 potions of lignification
 q - a potion of resistance {unknown}
 x - a potion of ambrosia {unknown}
 z - 3 potions of heal wounds
 B - 2 potions of might
 F - a potion of enlightenment {unknown}
 H - a potion of haste {unknown}
 J - a potion of experience {unknown}
 O - 3 potions of curing
 S - a potion of attraction {unknown}
 T - 2 potions of invisibility


   Skills:
 - Level 7.0 Fighting
 * Level 12.8 Polearms
 - Level 1.7 Throwing
 + Level 4.6 Armour
 - Level 5.0 Dodging
 + Level 2.2 Evocations


You had 9 spell levels left.
You didn't know any spells.
Your spell library contained the following spells:

 Spells                   Type           Power      Damage    Failure   Level
 Apportation              Tloc           0%         N/A       58%         1
 Necrotise                Necr           0%         1d4       58%         1
 Sting                    Conj/Alch      0%         1d3       58%         1
 Summon Small Mammal      Summ           0%         N/A       58%         1
 Ensorcelled Hibernation  Hex/Ice        0%         N/A       75%         2
 Call Canine Familiar     Summ           0%         N/A       92%         3
 Volatile Blastmotes      Fire/Tloc      0%         2d10      92%         3
 Animate Armour           Summ/Erth      0%         N/A       100%        4
 Fulminant Prism          Conj/Alch      0%         3d5       100%        4
 Iskenderun's Mystic Bla Conj/Tloc 0%             2d3        (+2d1     100%        4
 Summon Blazeheart Golem  Fire/Summ      0%         N/A       100%        4
 Summon Lightning Spire   Summ/Air       0%         N/A       100%        4
 Lee's Rapid Deconstruct  Erth           0%         3d4*      100%        5


Dungeon Overview and Level Annotations

Branches:
Dungeon (10/15)            Temple (1/1) D:7             Orc (0/2) D:9
 Bailey (visited)
   Lair: D:8-11

Altars:
Ashenzari
Cheibriados
Dithmenos
Fedhas
Gozag
Hepliaklqana
Kikubaaqudgha
Makhleb
Nemelex Xobeh
Okawaru
Qazlal
Ru
Sif Muna
Trog
Uskayaw
Vehumet
Wu Jian
Xom
Yredelemnul

Shops:
D:1 [   D:3 (   D:4 (

Annotations:
D:7 2 transporters, EvilEddieB's ghost, novice DsNe
D:9 2 transporters


Innate Abilities, Weirdness & Mutations

You may rarely emit foul miasma when damaged in melee.
You are partially covered in sharp spines.
When seriously injured, your blood forms thick armour. (AC +9)
You have a sharp stinger which inflicts weakening toxins.


Message History

The hellwing hits you. The hellwing closely misses you.
The rust devil is struck by your spines.
The rust devil hits you. The rust devil corrodes you!
The orange demon stings you from afar! The rust devil completely misses you.
You barely miss the hellwing.
The hellwing is moderately wounded.
The hellwing is struck by your spines. The hellwing barely misses you. x2
The rust devil hits you. The rust devil corrodes you!
The orange demon stings you but does no damage.
The rust devil hits you. The rust devil corrodes you!
You hit the rust devil but do no damage.
You tail-slap the rust devil, but do no damage.
The rust devil is lightly wounded.
You hit the rust devil.
The rust devil is lightly wounded.
The hellwing hits you! The hellwing hits you. The rust devil hits you.
The rust devil corrodes you! The rust devil hits you!
Your blood congeals into armour.
The rust devil corrodes you! The orange demon stings you from afar!
You hit the rust devil but do no damage.
The rust devil is lightly wounded.
The hellwing is struck by your spines. The hellwing barely misses you.
The hellwing closely misses you.
The rust devil is struck by your spines.
The rust devil closely misses you. The orange demon stings you from afar!
You are poisoned.
The orange demon poisons you! The rust devil hits you!
* * * LOW HITPOINT WARNING * * *
The rust devil corrodes you!
You hit the hellwing but do no damage.
The hellwing looks as sick as possible!
The hellwing is severely wounded.
You feel very sick.
You hit the hellwing but do no damage.
The hellwing is severely wounded.
You feel very sick. The hellwing completely misses you. The hellwing hits you.
* * * LOW HITPOINT WARNING * * *
The rust devil hits you!
You die...
Hepliaklqana delivers you to your ancestors.

........#
.........#........#
.§§§.....#........#
..§§..............#
.§§§..............#
.$................#
..................#
.....4444.........#
.......@..........#
..................#
..................#
+######+####......#
#......# #......#
#......# #......#
#......#


You could see an orange demon, a hellwing (extremely poisoned) and 2 rust
devils.

Vanquished Creatures
  A two-headed ogre (D:10)
  2 trolls (D:9)
  A hellwing (D:10)
  3 wyverns
  3 yaks (D:9)
  Eustachio (D:4)
  A water moccasin (D:5)
  A hornet zombie (D:8)
  A black bear (D:4)
  15 orc warriors
  2 centaurs
  A kobold brigand (D:9)
  3 bullfrogs
  4 gnoll sergeants
  11 wights
  13 killer bees
  A howler monkey (D:5)
  An electric eel (D:8)
  2 hounds
  3 jellies
  11 orc priests
  6 bombardier beetles
  5 centaur zombies (D:8)
  A human zombie (D:8)
  An iguana (D:5)
  3 gnoll boudas
  A sleepcap (D:7)
  16 orc wizards
  A killer bee zombie (D:8)
  4 mummies (D:8)
  27 gnolls
  6 adders
  3 ribbon worms
  4 dart slugs
  40 orcs
  5 ball pythons
  3 endoplasms
  7 giant cockroaches
  11 goblins
  11 hobgoblins
  5 jackals
  6 quokkas
  7 bats
  10 frilled lizards
  6 kobolds
  7 rats
277 creatures vanquished.

Notes
Turn   | Place    | Note
-------+----------+-------------------------------------------
     0 | D:1      | porpoise the Demonspawn Gladiator began the quest for the
                  | Orb.
     0 | D:1      | Reached XP level 1. HP: 16/16 MP: 1/1
    60 | D:1      | Reached skill level 3 in Polearms
    67 | D:1      | Found Poumiosm's Armour Boutique.
   168 | D:1      | Gained mutation: You have a small tail. [demonic ancestry]
   168 | D:1      | Reached XP level 2. HP: 22/22 MP: 2/2
   571 | D:2      | Gained mutation: You are partially covered in sharp spines.
                  | [demonic ancestry]
   571 | D:2      | Reached XP level 3. HP: 26/28 MP: 3/3
   733 | D:2      | Found a faded altar of an unknown god.
   919 | D:2      | Reached skill level 4 in Polearms
   980 | D:2      | Found an ancient bone altar of Kikubaaqudgha.
  1016 | D:2      | Gained mutation: You may rarely emit foul miasma when
                  | damaged in melee. [demonic ancestry]
  1016 | D:2      | Reached XP level 4. HP: 31/34 MP: 4/4
  1331 | D:3      | Identified the +1 chain mail of the Black Moon {Str+2}
  1388 | D:3      | Reached XP level 5. HP: 14/41 MP: 5/5
  1575 | D:3      | Found an ancient bone altar of Kikubaaqudgha.
  1765 | D:3      | Found Maratiph's Weapon Emporium.
  1985 | D:4      | Reached skill level 5 in Polearms
  2127 | D:4      | Found Utoup's Weapon Emporium.
  2158 | D:4      | Noticed Eustachio
  2172 | D:4      | Killed Eustachio
  2173 | D:4      | Gained mutation: You have a tail ending in a sharp stinger.
                  | [demonic ancestry]
  2173 | D:4      | Reached XP level 6. HP: 20/48 MP: 6/6
  2427 | D:4      | Reached skill level 6 in Polearms
  2586 | D:4      | Gained mutation: When seriously injured, your blood forms
                  | armour. (AC +9) [demonic ancestry]
  2586 | D:4      | Reached XP level 7. HP: 49/55 MP: 7/7
  2858 | D:5      | Entered Level 5 of the Dungeon
  3094 | D:5      | Reached skill level 5 in Fighting
  3184 | D:5      | Reached skill level 7 in Polearms
  3337 | D:5      | Got the Compilation of Refrigeration and the Pestle
  3397 | D:5      | Gained mutation: You have a sharp stinger which inflicts
                  | weakening toxins. [demonic ancestry]
  3397 | D:5      | Reached XP level 8. HP: 52/63 MP: 8/8
  3823 | D:6      | Reached skill level 8 in Polearms
  4179 | D:6      | Reached skill level 9 in Polearms
  4884 | D:7      | Noticed a two-headed ogre
  4902 | D:7      | Gained mutation: When seriously injured, your blood forms
                  | thick armour. (AC +9) [demonic ancestry]
  4902 | D:7      | Reached XP level 9. HP: 36/72 MP: 9/9
  4902 | D:7      | Noticed EvilEddieB's ghost (novice DsNe)
  4903 | D:7      | Noticed a moth of wrath
  5014 | D:7      | Found a bloodstained altar of Trog.
  5021 | D:7      | Found a transporter.
  5029 | D:7      | Found a transporter.
  5456 | D:7      | Found a staircase to the Ecumenical Temple.
  5664 | Temple   | Entered the Ecumenical Temple
  5690 | D:7      | Reached skill level 10 in Polearms
  6611 | D:8      | Reached skill level 11 in Polearms
  6617 | D:8      | Reached skill level 1 in Armour
  6859 | D:8      | Found a basalt altar of Yredelemnul.
  6947 | D:9      | Found a transporter.
  7116 | D:9      | Reached XP level 10. HP: 76/79 MP: 10/10
  7237 | D:9      | Identified the +8 quarterstaff of Izxyic {drain, *Slow
                  | rPois rN+ rCorr}
  7373 | D:9      | Found a flagged portal.
  7451 | D:9      | Reached skill level 12 in Polearms
  7455 | D:9      | Found a staircase to the Orcish Mines.
  7549 | Bailey   | Entered a bailey
  8167 | D:9      | Found a transporter.
  8169 | D:9      | Found a transporter.
  8235 | D:9      | Found a transporter.
  8237 | D:9      | Found a transporter.
  8266 | D:9      | Reached skill level 5 in Dodging
  8292 | D:9      | Found a transporter.
  8537 | D:9      | Reached skill level 1 in Evocations
  8867 | D:9      | Noticed a boulder beetle
  8891 | D:10     | Entered Level 10 of the Dungeon
  8913 | D:10     | Noticed a two-headed ogre
  8924 | D:10     | Killed a two-headed ogre
  9032 | D:10     | Identified the +1 robe of Dofae {+Inv rPois Str-2 Slay+3}
  9037 | D:10     | Found a hazy altar of Hepliaklqana.
  9042 | D:10     | Became a worshipper of Hepliaklqana the Forgotten
  9089 | D:10     | Noticed a rust devil
  9090 | D:10     | Noticed a rust devil
  9090 | D:10     | Noticed an orange demon
  9108 | D:10     | Slain by a rust devil

Illustrated notes

Levels and vault maps discovered:
D:1:      heliophobic_arrival_enchanted_forest, layout_rooms, serial_shops,
          shop, minmay_lizard_pond
D:2:      minmay_chambers_of_ones, layout_rooms,
          hellmonk_ecumenical_altar_leap_of_faith, basic_altar, nicolae_titane
D:3:      layout_loops_ring, mainiacjoe_overflow_alcove_2, serial_shops, shop
D:4:      layout_cave_pools, serial_shops, shop_fountains, uniq_eustachio
D:5:      layout_cave_pools
D:6:      minmay_flawed_box, layout_basic
D:7:      layout_basic, minmay_temple_entry_arrows,
          gammafunk_ghost_wrathful_warriors
D:8:      layout_cave_pools, lemuel_mausoleum_altar_yredelemnul, fountainhead
D:9:      gammafunk_boulding_lane, layout_irregular_city,
          kennysheep_orc_monster_closet_entryway, enter_bailey_7,
          nicolae_transporter_circle
D:10:     layout_grid_maze, nicolae_overflow_crystal_walls, lair_entry_dummy,
          serial_demonic, serial_demonic_f, serial_demonic_e, serial_demonic_a,
          serial_demonic_e
Temple:   nicolae_temple_bog_church

Skill      XL: |  1  2  3  4  5  6  7  8  9 10 |
---------------+-------------------------------+-----
Polearms       | 3 4 5 6 7 9 11 12 | 12.8
Fighting       | 3 4 5 7 |  7.0
Armour         | 2 4 |  4.6
Dodging        | 3 5 |  5.0
Evocations     | 2 |  2.2
Throwing       | |  1.7

Action                     |  1- 3 |  4- 6 |  7- 9 | 10-12 || total
---------------------------+-------+-------+-------+-------++-------
  Melee: Trident           |   106 |   108 |   491 |   345 ||  1050
         Tailslap          |     2 |    12 |    73 |    54 ||   141
   Fire: Sling             |    21 |    12 |     5 |     1 ||    39
    Use: Scroll            |       |     4 |    10 |     4 ||    18
 Armour: Leather armour    |    48 |       |       |       ||    48
         Swamp dragon scal |     9 |    45 |   297 |   186 ||   537
  Dodge: Dodged            |    62 |    32 |   188 |   147 ||   429

Table legend: (Time is in decaauts)
 A = Elapsed time spent in this place.
 B = Non-inter-level travel time spent in this place.
 C = Inter-level travel time spent in this place.
 D = Time resting spent in this place.
 E = Time spent auto-exploring this place.
 F = Levels seen in this place.
 G = Mean time per level.
                   A        B        C        D        E       F      G
               +--------+--------+--------+--------+--------+-----+--------+
         Total |   8958 |   8591 |    367 |   2202 |   4049 |  12 |  746.5 |
       Dungeon |   8385 |   8020 |    365 |   1992 |   4025 |  10 |  838.5 |
        Temple |      1 |      0 |      1 |      0 |      0 |   1 |    1.0 |
        Bailey |    571 |    571 |      0 |    210 |     23 |   1 |  571.0 |
               +--------+--------+--------+--------+--------+-----+--------+

Top non-repeatable levels by time:
     D:9: 1254 daAuts
     D:7: 1207 daAuts
     D:8: 1082 daAuts
     D:6: 901 daAuts
     D:4: 893 daAuts
     D:5: 854 daAuts
     D:3: 783 daAuts
     D:2: 646 daAuts
  Bailey: 571 daAuts
     D:1: 561 daAuts
    D:10: 200 daAuts
  Temple: 1 daAuts
